 Dungeon Crawl Stone Soup version 0.29-a0-555-g3b24f45cc1 (webtiles) character file.

Game seed: 14547042944480047410

52 zishaf the Gusty (level 3, -3/21 HPs)
             Began as a Tengu Air Elementalist on June 7, 2022.
             Slain by a gnoll
             ... wielding a +0 flail
              (12 damage)
             ... on level 3 of the Dungeon.
             The game lasted 00:02:44 (1801 turns).

zishaf the Gusty (Tengu Air Elementalist)           Turns: 1801, Time: 00:02:44

Health: -3/21      AC:  3    Str:  8    XL:     3   Next: 85%
Magic:  0/7        EV: 12    Int: 17    God:
Gold:   87         SH:  0    Dex: 14    Spells: 3/6 levels left

rFire   . . .      SeeInvis .   m - staff of conjuration
rCold   . . .      Faith    .   (no shield)
rNeg    . . .      Spirit   .   a - +0 robe
rPois   .          Reflect  .   (helmet restricted)
rElec   .          Harm     .   l - +0 cloak
rCorr   .          Rampage  .   (no gloves)
Will    .....                   (boots unavailable)
Stlth   ++........              (no amulet)
HPRegen 0.07/turn               (no ring)
MPRegen 0.10/turn               (no ring)

@: no status effects
A: beak, talons 3
a: no special abilities


You were on level 3 of the Dungeon.
You visited 1 branch of the dungeon, and saw 3 of its levels.

You collected 87 gold pieces.

Inventory:

Hand Weapons
 d - a +2 dagger of freezing
 h - a +1 dagger of holy wrath
Armour
 a - a +0 robe (worn)
 l - a +0 cloak (worn)
 o - the +7 scale mail of the Bulwark {Dex+4}
   (You found it on level 2 of the Dungeon)

   Dex:       It affects your dexterity (+4).
Magical Staves
 m - a staff of conjuration (weapon)
Scrolls
 e - a scroll of immolation {unknown}
 f - 2 scrolls of amnesia {unknown}
 i - a scroll of teleportation {unknown}
 k - 3 scrolls of identify {unknown}
 p - a scroll of blinking {unknown}
Potions
 b - 3 potions of magic
 c - a potion of ambrosia {unknown}
 g - 2 potions of curing {unknown}
 j - a potion of heal wounds {unknown}
 n - a potion of attraction {unknown}
 q - a potion of haste {unknown}


   Skills:
 + Level 1.6 Fighting
 - Level 2.1 Dodging
 - Level 2.0 Stealth
 - Level 2.0 Spellcasting
 + Level 2.9 Conjurations
 + Level 4.8 Air Magic


You had 3 spell levels left.
You knew the following spells:

 Your Spells              Type           Power      Damage    Failure   Level
a - Shock                 Conj/Air       88%        1d8       3%          1
b - Static Discharge      Conj/Air       22%        N/A       6%          2

Your spell library contained the following spells:

 Spells                   Type           Power      Damage    Failure   Level
 Swiftness                Air            18%        N/A       8%          3
 Confusing Touch          Hex            1%         N/A       50%         3
 Airstrike                Air            9%         N/A       26%         4
 Yara's Violent Unravell  Hex/Tmut       0%         3d3       99%         5
 Enfeeble                 Hex            0%         N/A       100%        7


Dungeon Overview and Level Annotations

Branches:
Dungeon (2/15)

Altars:


Innate Abilities, Weirdness & Mutations

You have a beak for a mouth.
You have claws for feet.


Message History

The gnoll is severely wounded.
The gnoll barely misses you.
Casting: Shock (safe; 4% risk of failure)
Confirm with . or Enter, or press ? or * to list all spells.
You don't have enough magic to cast this spell.
Your magical contamination has completely faded away.
A gnoll comes into view. It is wielding a +0 flail.
The gnoll shouts!
The gnoll moves out of view.
Casting: Shock (safe; 4% risk of failure)
Confirm with . or Enter, or press ? or * to list all spells.
Aiming: Shock (safe; 4% risk of failure)
Press: ? - help, Shift-Dir - straight line, p - gnoll You feel a surge of power!
The zap hits the gnoll but does no damage.
The gnoll is severely wounded.
The zap hits the gnoll.
The gnoll is moderately wounded.
The gnoll hits you from afar with a +0 halberd.
The gnoll completely misses you.
You hit the gnoll but do no damage. You claw the gnoll, but do no damage.
The gnoll is severely wounded.
The gnoll hits you with a +0 halberd.
Casting: Shock (safe; 4% risk of failure)
Confirm with . or Enter, or press ? or * to list all spells.
Aiming: Shock (safe; 4% risk of failure)
Press: ? - help, Shift-Dir - straight line You feel a surge of power!
The zap hits the gnoll!
You kill the gnoll!
The zap misses the gnoll.
The gnoll barely misses you.
Unknown command.
You completely miss the gnoll.
The gnoll is moderately wounded.
The gnoll barely misses you. x2
You hit the gnoll but do no damage. You claw the gnoll.
You peck the gnoll, but do no damage.
The gnoll is severely wounded.
The gnoll hits you with a +0 flail. The gnoll hits you with a +0 flail!
Ouch! That really hurt!
You die...

#.# #.#
####.####
#....g..#
#g##.##.##
#.##......
#.#####.###
#.#####.#
#...g@g.#
#########


You could see 2 gnolls.

Vanquished Creatures
  2 gnolls (D:3)
  A dart slug (D:1)
  2 bats (D:1)
  2 endoplasms (D:2)
  3 giant cockroaches (D:1)
  4 goblins
  A hobgoblin (D:1)
  3 kobolds (D:1)
  2 quokkas (D:1)
  5 ball pythons
  3 frilled lizards
  2 rats
30 creatures vanquished.

Notes
Turn   | Place    | Note
-------+----------+-------------------------------------------
     0 | D:1      | zishaf the Tengu Air Elementalist began the quest for the
                  | Orb.
     0 | D:1      | Reached XP level 1. HP: 10/10 MP: 4/4
   478 | D:1      | Reached XP level 2. HP: 16/16 MP: 0/6
   750 | D:1      | Reached skill level 1 in Fighting
   962 | D:1      | Reached XP level 3. HP: 20/20 MP: 7/7
   969 | D:1      | Learned a level 2 spell: Static Discharge
  1465 | D:2      | Identified the +7 scale mail of the Bulwark {Dex+4}
  1771 | D:2      | You fall into a shaft and drop 1 floor!
  1801 | D:3      | Slain by a gnoll

Illustrated notes

Levels and vault maps discovered:
D:1:      ebering_trefoil_3fold, layout_basic, minmay_hexomino_f4
D:2:      layout_loops_cross
D:3:      layout_loops_cross, dreamdust_ecumenical_altar_angels_and_demons,
          kennysheep_pointless_box

Skill      XL: |  1  2 |
---------------+-------+-----
Conjurations   | 2 |  2.9
Fighting       | 1 |  1.6
Dodging        | |  2.1
Stealth        | |  2.0
Spellcasting   | |  2.0
Air Magic      | |  4.8

Action                   || total
-------------------------++-------
Melee: Dagger            ||    21
       Kick              ||     8
       Peck              ||     3
       Staff             ||     3
 Cast: Shock             ||    37
 Stab: Sleeping          ||     3
Armor: Robe              ||     1
Dodge: Dodged            ||    15

Table legend: (Time is in decaauts)
 A = Elapsed time spent in this place.
 B = Non-inter-level travel time spent in this place.
 C = Inter-level travel time spent in this place.
 D = Time resting spent in this place.
 E = Time spent auto-exploring this place.
 F = Levels seen in this place.
 G = Mean time per level.
                   A        B        C        D        E       F      G
               +--------+--------+--------+--------+--------+-----+--------+
         Total |   1800 |   1756 |     44 |      0 |   1504 |   3 |  600.0 |
       Dungeon |   1800 |   1756 |     44 |      0 |   1504 |   3 |  600.0 |
               +--------+--------+--------+--------+--------+-----+--------+

Top non-repeatable levels by time:
     D:1: 1349 daAuts
     D:2: 420 daAuts
     D:3: 30 daAuts
